 Dungeon Crawl Stone Soup version 0.18-a0-1797-gc18daef (webtiles) character file.

52 Mefis the Magician (level 4, 0/31 HPs)
             Began as a Human Wizard on Apr 22, 2016.
             Slain by a gnoll (6 damage)
             ... on level 2 of the Dungeon.
             The game lasted 00:07:47 (2056 turns).

Mefis the Magician (Human Wizard)                   Turns: 2056, Time: 00:07:48

Health: 0/31       AC:  2    Str:  7    XL:     4   Next: 8%
Magic:  1/9        EV: 12    Int: 19    God:
Gold:   119        SH:  0    Dex: 12    Spells: 4 memorised, 3 levels left

rFire  . . .     SeeInvis .     f - +0 mace (curse)
rCold  . . .     Gourm    .     a - +0 robe
rNeg   . . .     Faith    .     (no shield)
rPois  .         Spirit   .     b - +0 hat
rElec  .         Dismiss  .     (no cloak)
rCorr  .         Reflect  .     (no gloves)
SustAt .         Harm     .     (no boots)
MR     .....                    (no amulet)
Stlth  +.........               (no ring)
                                o - ring of loudness (curse)

@: very slightly contaminated, repel missiles, not resistant to hostile
enchantments, very unstealthy
A: no striking features
a: no special abilities


You were on level 2 of the Dungeon.
You were hungry.

You visited 1 branch of the dungeon, and saw 2 of its levels.

You collected 119 gold pieces.

Inventory:

Hand Weapons
 f - a cursed +0 mace (weapon)
 q - a +0 hunting sling
Armour
 a - a +0 robe (worn)
 b - a +0 hat (worn)
Jewellery
 o - a cursed ring of loudness (left hand)
Scrolls
 h - a scroll of recharging
 i - a scroll of amnesia {unknown}
 j - a scroll of teleportation {unknown}
 k - 2 scrolls of identify {unknown}
 m - a scroll of remove curse {unknown}
Potions
 e - a potion of resistance {unknown}
 g - 3 potions of curing
 l - a potion of haste {unknown}
 n - a potion of heal wounds {unknown}
Books
 c - a book of Minor Magic

   Spells                             Type                      Level
   a - Magic Dart                     Conjuration                  1
   b - Blink                          Translocation                2
   c - Call Imp                       Summoning                    2
   d - Repel Missiles                 Charms/Air                   2
   e - Slow                           Hexes                        2
   f - Conjure Flame                  Conjuration/Fire             3
   g - Mephitic Cloud                 Conjuration/Poison/Air       3
Comestibles
 d - 2 bread rations
 p - a royal jelly
 r - a meat ration


   Skills:
 + Level 0.4 Fighting
 - Level 0.4 Maces & Flails
 + Level 2.4 Dodging
 + Level 2.7 Stealth
 + Level 3.6 Spellcasting
 + Level 1.1 Conjurations
 + Level 1.0 Summonings
 * Level 1.1 Translocations


You had 3 spell levels left.
You knew the following spells:

 Your Spells              Type           Power        Failure   Level  Hunger
a - Magic Dart            Conj           #...         10%         1    None
b - Call Imp              Summ           #.......     17%         2    ##.....
c - Blink                 Tloc           N/A          14%         2    ##.....
d - Repel Missiles        Chrm/Air       #.....       24%         2    ##.....


Dungeon Overview and Level Annotations

Branches:
Dungeon (2/15)

Altars:
Trog


Message History

The gnoll closely misses you.
Your crimson imp hits the gnoll but does no damage.
The gnoll barely misses your crimson imp.
The gnoll hits you!
* * * LOW HITPOINT WARNING * * *
Drink which item? (? for menu, Esc to quit)
It was a potion of curing.
You feel better.
The gnoll hits your crimson imp with a whip of electrocution!
There is a sudden explosion of sparks!
Your crimson imp dies!
The gnoll barely misses you. The gnoll closely misses you.
You hit the gnoll.
The gnoll is severely wounded.
The gnoll completely misses you. The gnoll hits you but does no damage.
You hit the gnoll but do no damage.
The gnoll is severely wounded.
The gnoll hits you! The gnoll hits you with a flail.
* * * LOW HITPOINT WARNING * * *
The gnoll hits you.
You die...

.g..>555....#.........._.....
....g$g.....#####............
#...# #......##..)..## ###
#.### ##.######......# ..#
#.## ##.# ##..#### ..######
#..#####..# #..# .
.......#####...#...## #..# #
..........####g#g####....
#..#. .......##..# #gg@#
..##. ...###
.[.....###.####### .##
......## #...##### .#
.......# ###.##### ##
.......# #...#####.
.......###.#########
.......##..# ...#
..........####. # ..###
######.#####...# #....


You could see 4 gnolls.

Vanquished Creatures
  An ooze (D:1)
  2 dart slugs
  2 giant geckos (D:2)
  2 giant cockroaches (D:2)
  8 goblins
  5 hobgoblins
  A jackal (D:2)
  7 bats
  2 giant newts
  2 kobolds
  3 rats
35 creatures vanquished.

Vanquished Creatures (collateral kills)
  A worm (D:2)
  2 jackals (D:2)
3 creatures vanquished.

Grand Total: 38 creatures vanquished

Notes
Turn   | Place    | Note
--------------------------------------------------------------
     0 | D:1      | Mefis the Human Wizard began the quest for the Orb.
     0 | D:1      | Reached XP level 1. HP: 13/13 MP: 4/4
   304 | D:1      | Reached XP level 2. HP: 19/19 MP: 4/6
   308 | D:1      | Learned a level 2 spell: Call Imp
   311 | D:1      | Learned a level 2 spell: Blink
   314 | D:1      | Learned a level 2 spell: Repel Missiles
   708 | D:1      | Reached XP level 3. HP: 20/24 MP: 4/8
  1741 | D:2      | Reached XP level 4. HP: 31/31 MP: 5/9
  2006 | D:2      | Found a bloodstained altar of Trog.
  2056 | D:2      | Slain by a gnoll

Vault maps used:
D:1:      dpeg_arrival_pits, st_stairs_7
D:2:      serial_co_window_serial, co_window_of_opportunity_a,
          co_window_paths_a, co_window_corner_a, co_window_corner_a,
          co_window_paths_a, co_window_corner_b, co_window_corner_ca,
          co_window_corner_ca, co_window_broadway_b, co_window_2corner,
          co_window_broadway_c, co_window_corner_b, co_window_paths_d,
          co_window_sun, glass_columns_b, glass_columns_a, glass_columns_a,
          glass_columns_a, glass_columns_a, minmay_misc_feat_diagonals,
          bloody_trog

Action                   |  1- 3 |  4- 6 || total
-------------------------+-------+-------++-------
Melee: Mace              |    35 |     6 ||    41
 Cast: Magic Dart        |    57 |    12 ||    69
       Repel Missiles    |     1 |     1 ||     2
       Call Imp          |     5 |     3 ||     8
  Use: Scroll            |       |     1 ||     1
       Potion            |       |     1 ||     1
 Stab: Sleeping          |     9 |       ||     9
  Eat: Chunk             |     3 |       ||     3
Armor: Robe              |     6 |     1 ||     7
Dodge: Dodged            |    25 |    10 ||    35
       Deflected         |     1 |     1 ||     2
